 Dungeon Crawl Stone Soup version 0.31-a0-1603-gbec6b6ccbf (webtiles) character file.

Game seed: 2258911674296993465

4549 grandjackal the Fighter (level 10, -7/80 HPs)
             Began as a Demonspawn Fighter on Jan 8, 2024.
             Was a Priest of Makhleb.
             Mangled by Maggie
             ... wielding a +2 war axe of flaming
              (14 damage)
             ... on level 9 of the Dungeon.
             The game lasted 00:10:30 (7927 turns).

grandjackal the Fighter (Demonspawn Fighter)        Turns: 7927, Time: 00:10:31

Health: -7/80      AC: 17    Str: 20    XL:     10   Next: 17%
Magic:  15/15      EV:  6    Int: 13    God:    Makhleb [***...]
Gold:   510        SH: 10    Dex: 13    Spells: 5/9 levels left

rFire   . . .        a - +0 war axe
rCold   . . .        c - +0 buckler
rNeg    . . .        r - +0 plate armour
rPois   .            (helmet restricted)
rElec   .            (no cloak)
rCorr   .            (no gloves)
SInv    .            (no boots)
Will    .....        m - amulet of reflection Stlth
                     n - +4 ring of slaying
HPRegen 0.33/turn    v - +4 ring of protection
MPRegen 0.14/turn

%: reflection
@: mighty, studying Armour
A: antennae 2, foul stench 1, powered by pain 1, big brain 2
a: Renounce Religion, Minor Destruction, Lesser Servant of Makhleb


You were on level 9 of the Dungeon.
You worshipped Makhleb.
Makhleb was most pleased with you.
You visited 2 branches of the dungeon, and saw 10 of its levels.
You also visited: Ossuary.

You collected 510 gold pieces.

Inventory:

Hand Weapons
 a - a +0 war axe (weapon)
 D - a +3 trident of draining
Armour
 c - a +0 buckler (worn)
 r - a +0 plate armour (worn)
Jewellery
 m - an amulet of reflection (around neck)
 n - a +4 ring of slaying (left hand)
 s - a ring of ice
 v - a +4 ring of protection (right hand)
 w - a +5 ring of evasion
Wands
 t - a wand of paralysis (20)
 F - a wand of flame (22)
Scrolls
 e - 2 scrolls of immolation {unknown}
 f - 2 scrolls of summoning {unknown}
 h - 3 scrolls of blinking {unknown}
 j - a scroll of fear {unknown}
 l - 7 scrolls of teleportation {unknown}
 o - a scroll of poison {unknown}
 p - 2 scrolls of enchant armour {unknown}
 q - a scroll of torment {unknown}
 u - a scroll of fog {unknown}
 x - a scroll of amnesia {unknown}
 y - a scroll of revelation {unknown}
 G - a scroll of noise {unknown}
Potions
 d - a potion of might
 g - 4 potions of curing
 i - 4 potions of mutation
 k - 3 potions of haste
 z - 3 potions of lignification
 A - a potion of ambrosia
 B - a potion of brilliance
 C - a potion of invisibility
 E - a potion of resistance
 H - a potion of enlightenment {unknown}


   Skills:
 + Level 8.3 Fighting
 + Level 7.2 Axes
 + Level 7.0 Armour
 - Level 5.2 Shields
 - Level 5.4 Necromancy
 + Level 7.0 Invocations


You had 5 spell levels left.
You knew the following spells:

 Your Spells              Type           Power      Damage    Failure   Level
a - Dispel Undead         Necr           14%        3d10      100%        4

Your spell library contained the following spells:

 Spells                   Type           Power      Damage    Failure   Level
 Static Discharge         Conj/Air       0%         3-3/arc   100%        2
 Mephitic Cloud           Conj/Alch/Air  0%         N/A       100%        3
 Volatile Blastmotes      Fire/Tloc      0%         2d10      100%        3
 Freezing Cloud           Conj/Ice/Air   0%         6-21      100%        5
 Lehudib's Crystal Spear  Conj/Erth      0%         10d2      100%        8
 Shatter                  Erth           0%         3d5*      100%        9


Dungeon Overview and Level Annotations

Branches:
Dungeon (9/15)             Temple (1/1) D:6         Ossuary (visited)
   Lair: D:8-11         Orc: D:9-12

Altars:
Ashenzari
Cheibriados
Dithmenos
Fedhas
Gozag
Hepliaklqana
Kikubaaqudgha
Makhleb
Okawaru
Ru
Sif Muna
Trog
Uskayaw
Vehumet
Wu Jian
Xom

Shops:
D:2 (   D:8 *

Annotations:
D:9 Maggie


Innate Abilities, Weirdness & Mutations

You have a pair of antennae on your head.
You may rarely emit foul miasma when damaged in melee.
You sometimes gain a little power by taking damage.
You have an extremely huge brain. (Int +4)


Message History

Your orange demon hits the gargoyle but does no damage.
Maggie casts a spell at you. The bolt of fire hits you!!
* * * LOW HITPOINT WARNING * * *
The gargoyle hurls a stone arrow at your orange demon.
The stone arrow hits your orange demon.
An orc warrior comes into view. It is wielding a +0 short sword.
Your Armour skill increases to level 7!
Unknown command.
You feel much better.
The gargoyle hurls a stone arrow at your orange demon.
The stone arrow misses your orange demon.
Maggie completely misses you.
Your orange demon stings the gargoyle but does no damage.
Your orange demon hits the gargoyle but does no damage.
Unknown command.
You slash Maggie!
Maggie is severely wounded.
You slash the two-headed ogre!
The two-headed ogre hits you with a +0 giant club!
* * * LOW HITPOINT WARNING * * *
You block the two-headed ogre's attack.
Your orange demon stings the gargoyle but does no damage.
Your orange demon hits the gargoyle but does no damage.
The gargoyle hurls a stone arrow at your orange demon.
The stone arrow hits your orange demon!
Your orange demon dies!
Your orange demon disappears in a puff of smoke!
Maggie hits you but does no damage.
Unknown command.
You feel much better.
The two-headed ogre hits you with a +0 giant club!!
* * * LOW HITPOINT WARNING * * *
You focus on the pain.
You feel mightier all of a sudden. You block the two-headed ogre's attack.
A yak comes into view.
The yak gores you but does no damage.
Maggie hits you with a +2 war axe of flaming!
You die...

####### ###### ...)..#
#......... ......#
###........ ......#
##.........# ......#
#..........##.
......#####.....# ......
......##........##......
.........###.....@......
......#### #....@O).o...
......# #..##9Y......
...#### #..##.§......
##... #...........Y
..... #...§........ ..
... #...##....... .
#...# ....... #....
.......


You could see Maggie, a two-headed ogre, 2 yaks, an orc warrior and a gargoyle
(weak).

Vanquished Creatures
  Pikel (D:4)
  Joseph (D:8)
  Jeremiah (D:7)
  Prince Ribbit (D:7)
  A warg (D:9)
  Menkaure (D:6)
  Duvessa (D:6)
  3 sky beasts
  2 black bears
  An ice beast (D:5)
  A centaur (D:8)
  A phantom (D:6)
  An elf zombie (Ossuary)
  2 bullfrogs (D:8)
  4 scorpions
  3 wights (D:8)
  Dowan (D:6)
  4 howler monkeys
  3 centaur zombies (Ossuary)
  3 hounds
  A bombardier beetle (D:4)
  2 jellies (D:6)
  3 gnoll boudas
  8 orc priests
  5 iguanas
  7 orc wizards
  2 ogre zombies (Ossuary)
  7 mummies (Ossuary)
  24 gnolls
  2 adders (D:4)
  A shadow imp (D:7)
  4 white imps
  2 ufetubi (D:5)
  5 adder zombies (Ossuary)
  2 dart slugs
  24 orcs
  3 endoplasms
  2 giant cockroaches
  A gnoll zombie (Ossuary)
  8 goblins
  8 hobgoblins
  10 jackals
  A quokka (D:1)
  8 ball pythons
  3 bats
  2 frilled lizards (D:1)
  4 goblin zombies (Ossuary)
  3 hobgoblin zombies (Ossuary)
  7 kobolds
  2 kobold zombies (Ossuary)
  An orc zombie (Ossuary)
  7 quokka zombies (Ossuary)
  3 rats
  A rat zombie (Ossuary)
209 creatures vanquished.

Vanquished Creatures (collateral kills)
  2 orc priests (D:9)
2 creatures vanquished.

Grand Total: 211 creatures vanquished

Notes
Turn   | Place    | Note
-------+----------+-------------------------------------------
     0 | D:1      | grandjackal the Demonspawn Fighter began the quest for the
                  | Orb.
     0 | D:1      | Reached XP level 1. HP: 18/18 MP: 1/1
   262 | D:1      | Gained mutation: You have a pair of small antennae on your
                  | head. [demonic ancestry]
   262 | D:1      | Reached XP level 2. HP: 17/24 MP: 2/2
   917 | D:2      | Gained mutation: You have an unusually large brain. (Int
                  | +2) [demonic ancestry]
   917 | D:2      | Reached XP level 3. HP: 29/29 MP: 3/3
   953 | D:2      | Got the Codex of the Twisted Crater
  1355 | D:2      | Got the Guidebook on Flashy Gloom
  1436 | D:2      | Found Ebbaapha's Weapon Shoppe.
  1642 | D:3      | Found a sacrificial altar of Ru.
  2453 | D:4      | Reached XP level 4. HP: 25/37 MP: 4/4
  2695 | D:4      | Noticed a scorpion
  2703 | D:4      | Killed a scorpion
  2704 | D:4      | Reached skill level 4 in Fighting
  2704 | D:4      | Gained mutation: You have an extremely huge brain. (Int +4)
                  | [demonic ancestry]
  2704 | D:4      | Reached XP level 5. HP: 40/42 MP: 5/5
  2709 | D:4      | Learned a level 4 spell: Dispel Undead
  2858 | D:4      | Noticed Pikel
  2858 | D:4      | Noticed a lemure
  2858 | D:4      | Noticed a lemure
  2859 | D:4      | Noticed a lemure
  2859 | D:4      | Noticed a lemure
  2868 | D:4      | Killed Pikel
  2869 | D:4      | Reached skill level 5 in Fighting
  2869 | D:4      | Gained mutation: You have a pair of antennae on your head.
                  | [demonic ancestry]
  2869 | D:4      | Reached XP level 6. HP: 32/51 MP: 6/6
  2869 | D:4      | Gained mutation: You sometimes gain a little power by
                  | taking damage. [demonic ancestry]
  2869 | D:4      | Reached XP level 7. HP: 35/56 MP: 7/7
  3229 | D:5      | Entered Level 5 of the Dungeon
  3622 | D:5      | Reached skill level 5 in Shields
  3623 | D:5      | Reached XP level 8. HP: 42/64 MP: 8/8
  4120 | D:6      | Reached skill level 6 in Fighting
  4126 | D:6      | Reached skill level 5 in Axes
  4185 | D:6      | Found a staircase to the Ecumenical Temple.
  4194 | Temple   | Entered the Ecumenical Temple
  4210 | Temple   | Became a worshipper of Makhleb the Destroyer
  4263 | D:6      | Reached skill level 1 in Invocations
  4325 | D:6      | Noticed Dowan
  4325 | D:6      | Noticed Duvessa
  4331 | D:6      | Reached skill level 5 in Necromancy
  4342 | D:6      | Killed Duvessa
  4346 | D:6      | Killed Dowan
  4612 | D:6      | Noticed Menkaure
  4832 | D:6      | Killed Menkaure
  5198 | D:7      | Gained mutation: You may rarely emit foul miasma when
                  | damaged in melee. [demonic ancestry]
  5198 | D:7      | Reached XP level 9. HP: 26/71 MP: 11/11
  5484 | D:7      | Reached skill level 7 in Fighting
  5484 | D:7      | Noticed Prince Ribbit
  5495 | D:7      | Killed Prince Ribbit
  5501 | D:7      | Found a sand-covered staircase.
  5507 | Ossuary  | Entered an ossuary
  5532 | Ossuary  | Reached * piety under Makhleb
  5842 | Ossuary  | Reached skill level 5 in Invocations
  5902 | Ossuary  | Reached skill level 5 in Armour
  5959 | Ossuary  | Reached ** piety under Makhleb
  6228 | D:7      | Noticed Jeremiah
  6242 | D:7      | Killed Jeremiah
  6552 | D:7      | Found an ornate altar of the Wu Jian Council.
  6584 | D:7      | Found a radiant altar of Vehumet.
  7253 | D:8      | Noticed Joseph
  7268 | D:8      | Killed Joseph
  7269 | D:8      | Reached skill level 8 in Fighting
  7366 | D:8      | Reached XP level 10. HP: 72/80 MP: 14/14
  7405 | D:8      | Found a bloodstained altar of Trog.
  7405 | D:8      | Found a broken altar of Ashenzari.
  7410 | D:8      | Reached *** piety under Makhleb
  7423 | D:8      | Found a shimmering blue altar of Sif Muna.
  7428 | D:8      | Found a blossoming altar of Fedhas.
  7446 | D:8      | Found an opulent altar of Gozag.
  7734 | D:8      | Found Gounk's Lightly-Used Armoury.
  7909 | D:9      | Noticed Maggie
  7910 | D:9      | Noticed a gargoyle
  7912 | D:9      | Noticed a two-headed ogre
  7927 | D:9      | Mangled by Maggie

Illustrated notes

Levels and vault maps discovered:
D:1:      eino_arrival_druids_welcome, layout_loops_corners,
          nicolae_figureground_sparkle
D:2:      layout_loops_ring, serial_shops, shop_statue, corner_web_ring,
          grunt_decor_arrowhead
D:3:      layout_basic, nicolae_ru_awakened_eye
D:4:      layout_rooms, serial_aquarium, aquarium_bridge_square
          [aquarium_subvault_balcony, aquarium_subvault_window,
          aquarium_subvault_window, aquarium_subvault_bridge],
          aquarium_bridge_square [aquarium_subvault_window,
          aquarium_subvault_bridge, aquarium_subvault_wall,
          aquarium_subvault_bridge], aquarium_window_1, aquarium_window_fake,
          aquarium_window_2, aquarium_view_2d, aquarium_view_2e, uniq_pikel
D:5:      cheibrodos_helix_gallery, layout_basic, chequers_avenue
D:6:      layout_basic, temple_doors_e, uniq_menkaure, uniq_duvessa
D:7:      layout_loops_cross, mainiacjoe_overflow_two_lobes,
          lightli_ossuary_entry_decrepit_ruins, uniq_jeremiah,
          uniq_prince_ribbit1
D:8:      layout_basic, nicolae_overflow_hallway_of_the_gods, zin_statuary,
          nrook_mini_vaults, grunt_ministairs_14, minmay_shop_damaged,
          uniq_joseph
D:9:      layout_roguey, nemelex_diamond_rough_becter, lair_entry_dummy,
          erik_orc_4, chequers_arboretum, uniq_erolcha, uniq_maggie, uniq_erica
Temple:   nicolae_temple_ecumenical_triangle

Skill      XL: |  1  2  3  4  5  6  7  8  9 10 |
---------------+-------------------------------+-----
Axes           | 2 3 4 5 7 |  7.2
Armour         | 3 6 7 |  7.0
Shields        | 3 4 5 |  5.2
Fighting       | 4 5 6 8 |  8.3
Necromancy     | 2 3 5 |  5.4
Invocations    | 3 6 7 |  7.0

Action                     |  1- 3 |  4- 6 |  7- 9 | 10-12 || total
---------------------------+-------+-------+-------+-------++-------
  Melee: War axe           |   105 |    32 |   396 |    46 ||   579
 Invoke: Lesser Servant of |       |       |       |     3 ||     3
    Use: Potion            |       |     1 |       |     5 ||     6
         Scroll            |       |       |     9 |       ||     9
 Armour: Scale mail        |    58 |       |       |       ||    58
         Plate armour      |    14 |    20 |   312 |    39 ||   385
  Dodge: Dodged            |    30 |     6 |    74 |    19 ||   129
  Block: Buckler           |    48 |    16 |   201 |    27 ||   292
         Reflection        |       |       |     4 |     1 ||     5

Table legend: (Time is in decaauts)
 A = Elapsed time spent in this place.
 B = Non-inter-level travel time spent in this place.
 C = Inter-level travel time spent in this place.
 D = Time resting spent in this place.
 E = Time spent auto-exploring this place.
 F = Levels seen in this place.
 G = Mean time per level.
                   A        B        C        D        E       F      G
               +--------+--------+--------+--------+--------+-----+--------+
         Total |   8091 |   7705 |    386 |    735 |   5420 |  11 |  735.5 |
       Dungeon |   7522 |   7136 |    386 |    583 |   5325 |   9 |  835.8 |
        Temple |     21 |     21 |      0 |      0 |      0 |   1 |   21.0 |
       Ossuary |    547 |    547 |      0 |    152 |     95 |   1 |  547.0 |
               +--------+--------+--------+--------+--------+-----+--------+

Top non-repeatable levels by time:
     D:8: 1188 daAuts
     D:5: 1086 daAuts
     D:6: 1008 daAuts
     D:3: 968 daAuts
     D:7: 894 daAuts
     D:1: 875 daAuts
     D:2: 751 daAuts
     D:4: 694 daAuts
 Ossuary: 547 daAuts
     D:9: 54 daAuts
  Temple: 21 daAuts
